 Dungeon Crawl Stone Soup version 0.31-a0-819-gf6de2f5ab6 (webtiles) character file.

Game seed: 3974173465332114308

53319 quinnr the Tainter (level 14, -7/88 HPs)
             Began as a Tengu Venom Mage on Sept 24, 2023.
             Was a High Priest of Vehumet.
             Mangled by a black mamba (11 damage)
             ... on level 4 of the Lair of Beasts.
             The game lasted 01:12:03 (27076 turns).

quinnr the Tainter (Tengu Venom Mage)              Turns: 27076, Time: 01:12:04

Health: -7/88      AC:  7    Str:  9    XL:     14   Next: 67%
Magic:  2/27       EV: 25    Int: 24    God:    Vehumet [*****.]
Gold:   1381       SH:  9    Dex: 14    Spells: 3/30 levels left

rFire   + . .        B - +3 scimitar of Upheaval {heavy, rElec rPois Will+}
rCold   . . .        N - +4 buckler "Walokibb" {Fly rF+ Int-3}
rNeg    . . .        q - +0 robe
rPois   +            w - +2 hat
rElec   +            h - +1 cloak
rCorr   .            G - +0 pair of gloves
SInv    .            (boots unavailable)
Will    ++...        i - amulet of regeneration
Stlth   ++++         E - +5 ring of evasion
HPRegen 1.14/turn    I - +6 ring of intelligence
MPRegen 0.20/turn

%: acrobat
@: flying
A: beak, talons 3, evasive flight, acrobatic
a: Renounce Religion


You were on level 4 of the Lair of Beasts.
You worshipped Vehumet.
Vehumet was extremely pleased with you.
You visited 4 branches of the dungeon, and saw 19 of its levels.
You also visited: Gauntlet.

You collected 1471 gold pieces.
You spent 90 gold pieces at shops.


Innate Abilities, Weirdness & Mutations

You have a beak for a mouth.
You have claws for feet.
Your magical flight helps you evade attacks. (EV +4)
You can magically evade attacks while moving or waiting.


   Skills:
 - Level 10.0 Fighting
 - Level 4.0 Short Blades
 - Level 11.0 Dodging
 - Level 9.0 Stealth
 - Level 4.0 Shields
 + Level 8.7 Spellcasting
 - Level 10.0 Conjurations
 + Level 3.8 Transmutations
 - Level 3.0 Ice Magic
 - Level 3.0 Air Magic
 - Level 5.0 Earth Magic
 - Level 11.0 Poison Magic
 - Level 6.0 Evocations


You had 3 spell levels left.
You knew the following spells:

 Your Spells              Type           Power      Damage    Failure   Level
i - Iskenderun's Battles  Conj           55%        2d11      1%          5
m - Mephitic Cloud        Conj/Pois/Air  48%        N/A       1%          3
o - Olgreb's Toxic Radia  Pois           59%        N/A       1%          4
p - Poisonous Vapours     Pois/Air       88%        N/A       1%          2
w - Stone Arrow           Conj/Erth      92%        3d12      1%          3
z - Sting                 Tmut/Pois      100%       1d8       1%          1
X - Hailstorm             Conj/Ice       41%        3d10      1%          3
Y - Eringya's Noxious Bo  Tmut/Pois      23%        4d6       17%         6

Your spell library contained the following spells:

 Spells                   Type           Power      Damage    Failure   Level
 Sandblast                Erth           68%        2d15      1%          1
 Momentum Strike          Conj/Tloc      68%        3d9       1%          2
 Dazzling Flash           Conj/Hex       68%        N/A       1%          3
 Passwall                 Tmut/Erth      25%        N/A       2%          2
 Volatile Blastmotes      Fire/Tloc      20%        2d11      7%          3
 Apportation              Tloc           20%        N/A       9%          1
 Necrotise                Necr           40%        1d6       9%          1
 Summon Small Mammal      Summ           40%        N/A       9%          1
 Blink                    Tloc           20%        N/A       13%         2
 Lesser Beckoning         Tloc           20%        N/A       13%         2
 Tukima's Dance           Hex            10%        N/A       26%         3
 Vampiric Draining        Necr           10%        2d6       26%         3
 Brom's Barrelling Bould  Conj/Erth      46%        2d6       1%          4
 Fireball                 Conj/Fire      17%        3d9       9%          5
 Conjure Ball Lightning   Conj/Air       20%        3x3d6     24%         6
 Yara's Violent Unravell  Hex/Tmut       9%         3d6       28%         5
 Orb of Destruction       Conj           27%        9d9       30%         7
 Starburst                Conj/Fire      17%        6d6       38%         6
 Passage of Golubria      Tloc           10%        N/A       65%         4
 Agony                    Necr           10%        N/A       94%         5
 Ozocubu's Refrigeration  Ice            12%        4d10      99%         7
 Simulacrum               Ice/Necr       8%         N/A       100%        6
 Maxwell's Capacitive Co  Air            12%        ∞         100%        8
 Polar Vortex             Ice            12%        12d1*     100%        9

Inventory:

Hand Weapons
 a - a +2 dagger of venom
 l - the +7 broad axe of Wealth {spect, rC++}
   (You took it off a minotaur in a Gauntlet)

   rC++:      It greatly protects you from cold.
 B - the +3 scimitar of Upheaval (weapon) {heavy, rElec rPois Will+}
   (You found it in a Gauntlet)

   rElec:     It insulates you from electricity.
   rPois:     It protects you from poison Will+: It increases your willpower.
 D - a +2 spectral dagger
 F - the +7 mace of Variability {chaos, chaos arc}
   (You found it on level 8 of the Dungeon)
Missiles
 J - a throwing net {=f}
 O - 7 curare-tipped darts {=f}
Armour
 h - a +1 cloak (worn)
 q - a +0 robe (worn)
 w - a +2 hat (worn)
 G - a +0 pair of gloves (worn)
 N - the +4 buckler "Walokibb" (worn) {Fly rF+ Int-3}
   (You acquired it on level 11 of the Dungeon)

   Int-3:     It affects your intelligence (-3).
   rF+:       It protects you from fire.
   Fly:       It grants you flight.
Magical Staves
 Q - a staff of fire {!a}
Jewellery
 c - a ring of protection from cold
 i - an amulet of regeneration (around neck)
 C - a ring of protection from cold
 E - a +5 ring of evasion (left hand)
 I - a +6 ring of intelligence (right hand)
 R - a ring of resist corrosion
Wands
 s - a wand of mindburst (2)
 y - a wand of flame (13)
 z - a wand of roots (23)
 A - a wand of polymorph (16)
 P - a wand of charming (4)
Scrolls
 d - 2 scrolls of teleportation {@r2}
 e - a scroll of enchant weapon {unknown}
 f - 2 scrolls of poison
 g - 2 scrolls of blinking
 j - 3 scrolls of fear
 k - 3 scrolls of revelation
 m - 5 scrolls of fog
 n - 5 scrolls of immolation
 r - a scroll of identify {@r1}
 t - 2 scrolls of amnesia
 u - 4 scrolls of enchant armour
 H - a scroll of summoning {unknown}
Potions
 b - 2 potions of cancellation
 o - 3 potions of ambrosia
 p - 2 potions of magic
 v - 7 potions of curing {@q1}
 K - a potion of haste {@q3}
 L - a potion of brilliance
 M - a potion of enlightenment {unknown}
 S - a potion of berserk rage {!q}
Miscellaneous
 x - a tin of tremorstones (2/2)

Dungeon Overview and Level Annotations

Branches:
Dungeon (11/15)            Temple (1/1) D:6            Lair (5/5) D:11
  Swamp (0/4) Lair:3       Spider (0/4) Lair:2        Slime (0/5) Lair:5
    Orc (2/2) D:11            Elf (0/3) Orc:2       Gauntlet (visited)

Altars:
Ashenzari
Cheibriados
Dithmenos
Elyvilon
Fedhas
Gozag
Hepliaklqana
Kikubaaqudgha
Makhleb
Nemelex Xobeh
Okawaru
Qazlal
Ru
Sif Muna
Trog
Uskayaw
Vehumet
Wu Jian
Xom
Yredelemnul
Zin
The Shining One

Shops:
D:4 [   D:11 ?

Portals:
Trove: D:10 (give 6 scrolls of fear)

Annotations:
D:5 3 runed translucent doors, Kurtz's ghost, novice OpFi
Lair:4 digvault
Lair:5 3 runed translucent doors, Jesminib's ghost, journeyman HOSh; Ufeufunk's ghost, journeyman TrHW; Vialoyf's ghost, journeyman OpCK; howech's ghost, journeyman MiBe
Orc:1 exclusion: downstairs

*#...####..#.......
##.................
#..................
#..................
##...>.............
#.................
#.#.#.###.........
##✱S#### ##........
#.@##.#####........
##.###..##.........
#P.##...##.........
##......P#P........
##.###.####........
#..##P..##.........
##.###.#.#.........
#..................
#..................


You could see a black mamba (poisoned) and a friendly battlesphere.


Message History

Unknown command.
Unknown command.
Casting: Sting (safe; 1% risk of failure)
Confirm with . or Enter, or press ? or * to list all spells.
Aiming: Sting (safe; 1% risk of failure)
Press: ? - help, Shift-Dir - straight line, f/p - black mamba
Aim: a black mamba (lightly wounded, poisoned, 63% to hit)
The sting misses the black mamba.
The black mamba bites you!
* * * LOW HITPOINT WARNING * * *
The black mamba misses you.
Unknown command.
Unknown command.
Unknown command.
Casting: Sting (safe; 1% risk of failure)
Confirm with . or Enter, or press ? or * to list all spells.
Aiming: Sting (safe; 1% risk of failure)
Press: ? - help, Shift-Dir - straight line, f/p - black mamba
Aim: a black mamba (lightly wounded, poisoned, 63% to hit)
The sting hits the black mamba.
The black mamba partially resists.
The black mamba is lightly wounded.
The black mamba misses you.
Unknown command.
Unknown command.
Aiming: Mindburst
Press: ? - help, Shift-Dir - straight line, f/p - black mamba
Aim: a black mamba (lightly wounded, poisoned, chance to affect: 84%)
The black mamba's mind is blasted!!
The black mamba bites you!
* * * LOW HITPOINT WARNING * * *
The black mamba bites you!
You die...

Skill      XL: |  1  2  3  4  5  6  7  8  9 10 11 12 13 14 |
---------------+-------------------------------------------+-----
Poison Magic   | 4 5 7 9 10 11 | 11.0
Air Magic      | 1 2 3 |  3.0
Conjurations   | 2 3 5 7 8 10 | 10.0
Fighting       | 2 3 5 6 7 10 | 10.0
Spellcasting   | 3 4 6 7 8 |  8.7
Dodging        | 3 5 6 7 11 | 11.0
Evocations     | 4 5 6 |  6.0
Stealth        | 4 6 8 9 |  9.0
Shields        | 1 4 |  4.0
Short Blades   | 2 4 |  4.0
Ice Magic      | 2 3 |  3.0
Earth Magic    | 2 4 5 |  5.0
Transmutations | 3 |  3.8

Action                     |  1- 3 |  4- 6 |  7- 9 | 10-12 | 13-15 || total
---------------------------+-------+-------+-------+-------+-------++-------
  Melee: Unarmed           |    31 |     3 |       |       |       ||    34
         Kick              |    12 |    10 |    32 |    80 |    51 ||   185
         Peck              |     8 |     1 |    20 |    49 |    29 ||   107
         Whip              |       |    27 |    52 |     1 |       ||    80
         Dagger            |       |     1 |    48 |   216 |    82 ||   347
         Punch             |       |       |     1 |       |       ||     1
         Scimitar          |       |       |       |       |    34 ||    34
   Cast: Sting             |    57 |    41 |    54 |    38 |    23 ||   213
         Poisonous Vapours |    18 |    89 |    91 |   133 |    76 ||   407
         Mephitic Cloud    |       |     1 |    11 |    27 |    25 ||    64
         Olgreb's Toxic Ra |       |       |    14 |    56 |    42 ||   112
         Stone Arrow       |       |       |       |    71 |   229 ||   300
         Hailstorm         |       |       |       |     2 |     1 ||     3
         Iskenderun's Batt |       |       |       |       |     8 ||     8
  Evoke: Wand              |       |       |     2 |    35 |    17 ||    54
    Use: Scroll            |     1 |     5 |     5 |     9 |    15 ||    35
         Potion            |       |       |       |     1 |     3 ||     4
   Stab: Sleeping          |     1 |       |       |     1 |       ||     2
         Confused          |       |       |     1 |    10 |     2 ||    13
         Invisible         |       |       |       |     1 |       ||     1
         Petrified         |       |       |       |       |     2 ||     2
 Armour: Robe              |    24 |    33 |    43 |   116 |   104 ||   320
         Skin              |       |       |       |       |     7 ||     7
  Dodge: Dodged            |    43 |    41 |   105 |   291 |   340 ||   820
  Block: Buckler           |       |       |       |    74 |   136 ||   210

Levels and vault maps discovered:
D:1:      wheals_arrival_shading, layout_basic, minmay_gold_behind_fungi
D:2:      layout_loops_ring, chequers_avenue, uniq_natasha
D:3:      layout_rooms
D:4:      layout_loops_ring, serial_shops, shop
D:5:      layout_loops_corners, gammafunk_ghost_nasty_kobolds
D:6:      layout_basic, temple_pool_b
D:7:      layout_rooms, hangedman_decor_diamond_cutter, minmay_fractal_squares_5
D:8:      layout_rooms, kennysheep_vampire_church, marbit_many_paths,
          nicolae_kite_square_tiling_tiny, minmay_guarded_unrand_variability
D:9:      layout_rooms, kennysheep_mini
D:10:     layout_rooms, enter_trove_2, minmay_misc_feat_rugged, uniq_erolcha,
          uniq_joseph
D:11:     layout_rooms, dpeg_oklobed_lair, erik_orc_2, serial_shops, shop
Temple:   nicolae_temple_bog_church
Lair:1:   layout_concentric_octagons, serial_bayou_shore_a, lemuel_fruit_fields
Lair:2:   layout_roguey, nicolae_spider_entry_non_spiders, beast_lair_carwin_10
Lair:3:   layout_regular_city, nicolae_swamp_entry_splash_gauntlet
Lair:4:   wad_woods_structure_01, layout_regular_city, gauntlet_entry_generic,
          hangedman_lair_unloving_vines, hibernation_bobbens, uniq_sonja
Lair:5:   guppyfry_lair_end_dragon, layout_regular_city,
          hangedman_lair_tendril_chambers, dpeg_slime_entry_corner,
          gammafunk_ghost_cemetery, lemuel_fruit_tree, uniq_nessos
Orc:1:    layout_caves, basic_altar
Orc:2:    st_orc_open, layout_caves, chequers_guarded_unrand_ignorance

Notes
Turn   | Place    | Note
-------+----------+-------------------------------------------
     0 | D:1      | quinnr the Tengu Venom Mage began the quest for the Orb.
     0 | D:1      | Reached XP level 1. HP: 10/10 MP: 4/4
   104 | D:1      | Reached XP level 2. HP: 15/15 MP: 0/6
   412 | D:1      | Reached skill level 4 in Poison Magic
   477 | D:1      | Learned a level 2 spell: Poisonous Vapours
   561 | D:1      | Reached XP level 3. HP: 19/19 MP: 2/7
  1052 | D:1      | Learned a level 3 spell: Mephitic Cloud
  1102 | D:1      | Reached skill level 1 in Air Magic
  2418 | D:3      | Reached XP level 4. HP: 24/24 MP: 5/8
  2448 | D:3      | Reached skill level 1 in Conjurations
  3166 | D:4      | Reached skill level 2 in Air Magic
  3191 | D:4      | Reached skill level 2 in Conjurations
  3191 | D:4      | Reached XP level 5. HP: 28/28 MP: 0/9
  3380 | D:2      | Noticed Natasha
  3386 | D:2      | Killed Natasha
  3387 | D:2      | Reached skill level 1 in Fighting
  3387 | D:2      | Reached skill level 5 in Poison Magic
  3640 | D:2      | Noticed Natasha
  3709 | D:2      | Killed Natasha
  3786 | D:2      | Noticed Natasha
  3792 | D:2      | Killed Natasha
  3793 | D:2      | Reached skill level 2 in Fighting
  4148 | D:3      | Reached skill level 3 in Spellcasting
  4148 | D:3      | Reached XP level 6. HP: 29/35 MP: 5/11
  4906 | D:4      | Reached skill level 4 in Spellcasting
  5000 | D:4      | Learned a level 4 spell: Olgreb's Toxic Radiance
  5036 | D:4      | Found Hoiguemp's Armour Boutique.
  5581 | D:4      | Gained mutation: Your magical flight helps you evade
                  | attacks. (EV +4) [Tengu growth]
  5581 | D:4      | Reached XP level 7. HP: 40/40 MP: 5/14
  6004 | D:5      | Entered Level 5 of the Dungeon
  6026 | D:5      | Reached skill level 3 in Dodging
  6192 | D:5      | Reached skill level 3 in Fighting
  6445 | D:5      | Reached skill level 6 in Poison Magic
  6615 | D:5      | Reached skill level 7 in Poison Magic
  6632 | D:5      | Reached XP level 8. HP: 46/46 MP: 12/15
  7288 | D:5      | Found a runed translucent gate.
  7288 | D:5      | Noticed Kurtz's ghost (novice OpFi)
  7289 | D:5      | Found a runed translucent gate.
  7290 | D:5      | Found a runed translucent gate.
  7457 | D:6      | Reached skill level 8 in Poison Magic
  7548 | D:6      | Found a staircase to the Ecumenical Temple.
  7561 | Temple   | Entered the Ecumenical Temple
  7568 | Temple   | Became a worshipper of Vehumet
  8491 | D:7      | Reached skill level 9 in Poison Magic
  8491 | D:7      | Reached skill level 1 in Evocations
  8570 | D:7      | Reached skill level 2 in Evocations
  8647 | D:7      | Reached skill level 3 in Evocations
  8692 | D:7      | Reached skill level 4 in Evocations
  8692 | D:7      | Reached XP level 9. HP: 46/50 MP: 3/16
  8841 | D:7      | Noticed a manticore
  8852 | D:7      | Killed a manticore
  8853 | D:7      | Reached skill level 3 in Conjurations
  8853 | D:7      | Reached skill level 3 in Air Magic
  8977 | D:7      | Noticed a troll
  8987 | D:7      | Killed a troll
  8988 | D:7      | Reached skill level 4 in Dodging
  8988 | D:7      | Reached skill level 3 in Stealth
  9122 | D:7      | Reached skill level 4 in Fighting
  9171 | D:7      | Reached * piety under Vehumet
  9171 | D:7      | Offered knowledge of Kiss of Death by Vehumet.
  9240 | D:7      | Identified the +8 short sword "Dagun" {antimagic, Str+3}
  9511 | D:7      | Reached skill level 4 in Stealth
  9593 | D:7      | Reached skill level 5 in Dodging
 10467 | D:8      | Reached skill level 5 in Fighting
 10486 | D:7      | Reached skill level 1 in Shields
 10619 | D:8      | Reached XP level 10. HP: 59/59 MP: 11/17
 10724 | D:8      | HP: 5/59 [poisoned by a water moccasin]
 10997 | D:8      | Found an ancient bone altar of Kikubaaqudgha.
 11021 | D:8      | Reached skill level 6 in Dodging
 11021 | D:8      | Reached skill level 2 in Shields
 11072 | D:8      | Reached skill level 5 in Stealth
 11084 | D:8      | Offered knowledge of Shock by Vehumet.
 11147 | D:8      | Reached ** piety under Vehumet
 11354 | D:8      | Reached skill level 3 in Shields
 11368 | D:8      | Reached skill level 6 in Fighting
 11589 | D:8      | Found a shimmering altar of Xom.
 11592 | D:8      | Found the +7 mace of Variability {chaos, chaos arc}
 11670 | D:8      | Found a blossoming altar of Fedhas.
 11874 | D:9      | Reached skill level 6 in Stealth
 12118 | D:9      | Reached skill level 4 in Shields
 12129 | D:9      | Reached skill level 10 in Poison Magic
 12284 | D:9      | Offered knowledge of Hailstorm by Vehumet.
 12316 | D:8      | Reached skill level 1 in Short Blades
 12653 | D:9      | Found a shimmering blue altar of Sif Muna.
 12761 | D:9      | Reached *** piety under Vehumet
 12762 | D:9      | Reached skill level 2 in Short Blades
 12764 | D:10     | Entered Level 10 of the Dungeon
 12801 | D:10     | Reached XP level 11. HP: 64/64 MP: 13/19
 12829 | D:10     | Reached skill level 7 in Stealth
 12829 | D:10     | Reached skill level 5 in Spellcasting
 12861 | D:10     | Noticed a tengu warrior
 12879 | D:10     | Killed a tengu warrior
 12880 | D:10     | Reached skill level 3 in Short Blades
 13036 | D:10     | Noticed Erolcha
 13248 | D:10     | Learned a level 3 spell: Hailstorm
 13270 | D:10     | Offered knowledge of Stone Arrow by Vehumet.
 13279 | D:10     | Learned a level 3 spell: Stone Arrow
 13304 | D:10     | Killed Erolcha
 13306 | D:10     | Noticed Joseph
 13500 | D:10     | Noticed a cyclops
 13513 | D:10     | Killed a cyclops
 13641 | D:10     | Reached skill level 1 in Ice Magic
 13758 | D:10     | Killed Joseph
 13759 | D:10     | Reached skill level 4 in Short Blades
 13837 | D:10     | Found a portal to a secret trove of treasure.
 14005 | D:11     | Reached skill level 1 in Earth Magic
 14076 | D:11     | Noticed a cyclops
 14383 | D:11     | Reached **** piety under Vehumet
 14394 | D:11     | Offered knowledge of Yara's Violent Unravelling by Vehumet.
 14395 | D:11     | Reached skill level 4 in Conjurations
 14580 | D:11     | Killed a cyclops
 14581 | D:11     | Reached skill level 2 in Ice Magic
 14747 | D:11     | Found Zoatasefa's Magic Scroll Emporium.
 14754 | D:11     | Bought 3 scrolls of identify for 90 gold pieces
 14758 | D:11     | Identified a scroll of acquirement
 14758 | D:11     | Acquired a staff of fire
 14774 | D:11     | Found a staircase to the Lair.
 14775 | D:11     | Noticed an oklob plant
 14832 | D:11     | Killed an oklob plant
 14833 | D:11     | Reached skill level 8 in Stealth
 14950 | D:11     | Found a staircase to the Orcish Mines.
 14957 | D:11     | Acquired the +4 buckler "Walokibb" {Fly rF+ Int-3}
 15097 | D:11     | Reached skill level 6 in Spellcasting
 15309 | Orc:1    | Entered Level 1 of the Orcish Mines
 15411 | Orc:2    | Entered Level 2 of the Orcish Mines
 15420 | Orc:1    | Reached skill level 5 in Evocations
 15425 | Orc:2    | Found a staircase to the Elven Halls.
 15506 | Orc:2    | Noticed an orc sorcerer
 15509 | Orc:2    | Paralysed by an orc sorcerer for 5 turns
 15520 | Orc:2    | Killed an orc sorcerer
 15521 | Orc:2    | Reached skill level 5 in Conjurations
 15521 | Orc:2    | Reached skill level 2 in Earth Magic
 15529 | Orc:2    | Noticed an orc knight
 15666 | Lair:1   | Entered Level 1 of the Lair of Beasts
 15727 | Lair:1   | Reached XP level 12. HP: 44/70 MP: 22/22
 15731 | Lair:1   | Reached skill level 3 in Ice Magic
 16278 | Lair:1   | Identified the +5 ring mail "Isto Siost" {Drain +Inv rF+++
                  | Int-4}
 16794 | Lair:3   | Reached skill level 3 in Earth Magic
 17104 | Lair:2   | Reached skill level 6 in Evocations
 17288 | Lair:2   | Reached skill level 9 in Stealth
 17289 | Lair:2   | Reached ***** piety under Vehumet
 17289 | Lair:2   | Offered knowledge of Fireball by Vehumet.
 17292 | Lair:2   | Reached skill level 7 in Dodging
 17313 | Lair:2   | Noticed a boulder beetle
 17478 | Lair:2   | Reached skill level 7 in Fighting
 17563 | Lair:2   | Reached skill level 6 in Conjurations
 17606 | Lair:2   | Found a hole to the Spider Nest.
 18148 | Lair:3   | Noticed a catoblepas
 18158 | Lair:3   | Killed a catoblepas
 18410 | Lair:3   | Reached skill level 4 in Earth Magic
 18481 | Lair:3   | Reached skill level 7 in Conjurations
 18481 | Lair:3   | Reached skill level 11 in Poison Magic
 18481 | Lair:3   | Reached XP level 13. HP: 78/78 MP: 11/23
 18626 | Lair:3   | Reached skill level 8 in Dodging
 18784 | Lair:3   | Reached skill level 8 in Fighting
 19261 | Lair:2   | Reached skill level 8 in Conjurations
 19755 | Lair:3   | Found a staircase to the Swamp.
 19898 | Lair:4   | Found a gate leading to a gauntlet.
 19914 | Gauntlet | Entered a Gauntlet
 19914 | Gauntlet | Found a transporter.
 19914 | Gauntlet | Found a transporter.
 19914 | Gauntlet | Found a transporter.
 19925 | Gauntlet | Found a transporter.
 19928 | Gauntlet | Found a transporter.
 19936 | Gauntlet | Found a transporter.
 19939 | Gauntlet | Found a transporter.
 19947 | Gauntlet | Found a transporter.
 19966 | Gauntlet | Found a transporter.
 19984 | Gauntlet | Found a transporter.
 19987 | Gauntlet | Found a transporter.
 20001 | Gauntlet | Found a transporter.
 20147 | Gauntlet | Reached skill level 9 in Dodging
 20614 | Gauntlet | Identified the +7 broad axe of Wealth {spect, rC++}
 20614 | Gauntlet | Noticed a minotaur
 20788 | Gauntlet | Killed a minotaur
 20794 | Gauntlet | Identified the +3 scimitar of Upheaval {heavy, rElec rPois
                  | Will+}
 20976 | Lair:4   | Reached skill level 9 in Fighting
 20981 | Lair:4   | Reached skill level 10 in Dodging
 21134 | Lair:4   | Acquired a book of the Spheres
 21147 | Lair:4   | Noticed Sonja
 21148 | Lair:4   | Killed Sonja
 21573 | Lair:4   | Reached skill level 11 in Dodging
 21873 | Lair:4   | Reached skill level 10 in Fighting
 22341 | Lair:4   | Learned a level 5 spell: Iskenderun's Battlesphere
 22507 | Lair:4   | Reached skill level 7 in Spellcasting
 22507 | Lair:4   | Reached XP level 14. HP: 81/88 MP: 12/25
 23125 | Lair:5   | Entered Level 5 of the Lair of Beasts
 23319 | Lair:5   | Reached skill level 9 in Conjurations
 23544 | Lair:5   | Found a staircase to the Slime Pits.
 23600 | Lair:5   | Offered knowledge of Eringya's Noxious Bog by Vehumet.
 23676 | Lair:5   | Learned a level 6 spell: Eringya's Noxious Bog
 23723 | Lair:5   | Reached skill level 1 in Transmutations
 24228 | Lair:5   | Found a runed translucent gate.
 24228 | Lair:5   | Found a runed translucent gate.
 24229 | Lair:5   | Found a runed translucent gate.
 24231 | Lair:5   | Noticed howech's ghost (journeyman MiBe)
 24232 | Lair:5   | Noticed Vialoyf's ghost (journeyman OpCK)
 24233 | Lair:5   | Noticed Jesminib's ghost (journeyman HOSh)
 24233 | Lair:5   | Noticed Ufeufunk's ghost (journeyman TrHW)
 24558 | Lair:3   | Reached skill level 2 in Transmutations
 24768 | Lair:5   | Reached skill level 5 in Earth Magic
 24944 | Lair:5   | Reached skill level 8 in Spellcasting
 25182 | Lair:5   | Reached skill level 10 in Conjurations
 25682 | Lair:4   | Reached skill level 3 in Transmutations
 26809 | Lair:5   | Noticed Nessos
 26816 | Lair:5   | Killed Nessos
 27076 | Lair:4   | HP: 4/88 [black mamba (15)]
 27076 | Lair:4   | Mangled by a black mamba

Vanquished Creatures
  Nessos (Lair:5)
  A minotaur (Gauntlet)
  Erolcha (D:10)
  A hydra (Lair:4)
  A boulder beetle (Lair:2)
  3 catoblepae
  6 death yaks
  A tengu warrior (D:10)
  Sonja (Lair:4)
  A skyshark (Lair:3)
  A fire crab (Lair:4)
  2 glowing orange brains (Gauntlet)
  A bog body (Lair:3)
  A wizard (Gauntlet)
  An orc sorcerer (Orc:2)
  An ugly thing (Gauntlet)
  A wolf spider (Lair:5)
  An oklob plant (D:11)
  2 cyclopes
  A manticore (D:7)
  An ice statue (Gauntlet)
  Joseph (D:10)
  9 black mambas
  10 elephants (Lair:4)
  A guardian serpent (Lair:4)
  2 torpor snails (Lair:5)
  12 cane toads
  3 rime drakes
  6 komodo dragons
  3 trolls
  3 polar bears
  4 hornets
  12 blink frogs
  9 dream sheep
  2 vampires
  9 wyverns
  A water elemental (D:11)
  2 basilisks
  33 yaks
  4 steam dragons
  2 chaos spawn (D:8)
  A wraith (D:11)
  4 swamp worms (Lair:3)
  A warg (Orc:1)
  An acid dragon (D:9)
  26 water moccasins
  A sky beast (D:7)
  9 orc warriors
  2 ice beasts (D:6)
  A black bear (D:7)
  4 centaurs
  27 wolves
  2 ogres (D:5)
  4 kobold brigands
  8 scorpions
  8 bullfrogs
  A gnoll sergeant (D:9)
  3 wights
  7 killer bees (D:10)
  2 vampire bats (D:8)
  7 howler monkeys
  2 electric eels
  5 hounds
  2 jellies
  3 gnoll boudas
  9 orc priests
  2 sleepcaps
  6 iguanas
  5 hell rats (Lair:5)
  10 orc wizards
  Natasha (thrice) (D:2)
  8 adders
  21 gnolls
  3 white imps
  An ufetubus (D:6)
  A worm (Lair:2)
  2 dart slugs
  68 orcs
  3 ball pythons
  6 bats
  3 bat skeletons (D:8)
  3 bat zombies (D:8)
  5 endoplasms
  5 giant cockroaches
  9 goblins
  7 hobgoblins
  11 jackals
  6 quokkas
  7 frilled lizards
  22 kobolds
  5 rats
  A butterfly (Lair:1)
521 creatures vanquished.

Vanquished Creatures (others)
  An orc priest (D:9)
  An iguana (Lair:5)
  A spectral weapon (Lair:4)
3 creatures vanquished.

Grand Total: 524 creatures vanquished

Table legend: (Time is in decaauts)
 A = Elapsed time spent in this place.
 B = Non-inter-level travel time spent in this place.
 C = Inter-level travel time spent in this place.
 D = Time resting spent in this place.
 E = Time spent auto-exploring this place.
 F = Levels seen in this place.
 G = Mean time per level.
                   A        B        C        D        E       F      G
               +--------+--------+--------+--------+--------+-----+--------+
         Total |  27159 |  26002 |   1157 |   4346 |  16131 |  20 | 1357.9 |
       Dungeon |  15391 |  14763 |    628 |   1883 |  10017 |  11 | 1399.2 |
        Temple |     35 |     35 |      0 |     20 |      0 |   1 |   35.0 |
          Lair |  10397 |   9879 |    518 |   1838 |   5880 |   5 | 2079.4 |
  Orcish Mines |    304 |    294 |     10 |    123 |     86 |   2 |  152.0 |
      Gauntlet |   1031 |   1031 |      0 |    482 |    148 |   1 | 1031.0 |
               +--------+--------+--------+--------+--------+-----+--------+

Top non-repeatable levels by time:
  Lair:4: 4390 daAuts
  Lair:2: 1843 daAuts
  Lair:3: 1798 daAuts
     D:1: 1746 daAuts
     D:5: 1706 daAuts
     D:2: 1604 daAuts
     D:7: 1561 daAuts
     D:4: 1435 daAuts
     D:8: 1415 daAuts
    D:11: 1405 daAuts
  Lair:5: 1324 daAuts
     D:6: 1278 daAuts
     D:3: 1258 daAuts
     D:9: 1126 daAuts
  Lair:1: 1038 daAuts

Table legend:
 A = Non-vault XP
 B = Vault XP
 C = Vault XP percentage of total XP
 D = Non-vault monster count
 E = Vault monster count
 F = Vault count percentage of total count
                 A         B        C        D         E       F
            +---------+---------+-------+---------+---------+-------
      Total |   49972 |   26199 |  34.4 |     403 |     119 |  22.8
            +---------+---------+-------+---------+---------+-------
        D:1 |      59 |       0 |   0.0 |      32 |       0 |   0.0
        D:2 |     103 |      35 |  25.4 |      21 |       1 |   4.5
        D:3 |     150 |       0 |   0.0 |      28 |       0 |   0.0
        D:4 |     336 |       0 |   0.0 |      26 |       0 |   0.0
        D:5 |     764 |       0 |   0.0 |      29 |       0 |   0.0
        D:6 |     461 |       0 |   0.0 |      11 |       0 |   0.0
        D:7 |    1645 |     771 |  31.9 |      29 |       7 |  19.4
        D:8 |    1689 |     588 |  25.8 |      24 |      11 |  31.4
        D:9 |    2630 |       0 |   0.0 |      36 |       0 |   0.0
       D:10 |    2482 |    1308 |  34.5 |      17 |       2 |  10.5
       D:11 |    1615 |    1355 |  45.6 |      10 |      22 |  68.8
     Lair:1 |    5045 |       0 |   0.0 |      21 |       0 |   0.0
     Lair:2 |    7290 |    2897 |  28.4 |      37 |      17 |  31.5
     Lair:3 |    5914 |    1402 |  19.2 |      20 |       6 |  23.1
     Lair:4 |   13238 |    5656 |  29.9 |      28 |      15 |  34.9
     Lair:5 |    5420 |    7279 |  57.3 |      24 |      29 |  54.7
      Orc:1 |     345 |       0 |   0.0 |       6 |       0 |   0.0
      Orc:2 |     786 |       0 |   0.0 |       4 |       0 |   0.0
   Gauntlet |       0 |    4908 | 100.0 |       0 |       9 | 100.0
            +---------+---------+-------+---------+---------+-------

Levels and vault maps discovered:
D:1:      wheals_arrival_shading, layout_basic, minmay_gold_behind_fungi
D:2:      layout_loops_ring, chequers_avenue, uniq_natasha
D:3:      layout_rooms
D:4:      layout_loops_ring, serial_shops, shop
D:5:      layout_loops_corners, gammafunk_ghost_nasty_kobolds
D:6:      layout_basic, temple_pool_b
D:7:      layout_rooms, hangedman_decor_diamond_cutter, minmay_fractal_squares_5
D:8:      layout_rooms, kennysheep_vampire_church, marbit_many_paths,
          nicolae_kite_square_tiling_tiny, minmay_guarded_unrand_variability
D:9:      layout_rooms, kennysheep_mini
D:10:     layout_rooms, enter_trove_2, minmay_misc_feat_rugged, uniq_erolcha,
          uniq_joseph
D:11:     layout_rooms, dpeg_oklobed_lair, erik_orc_2, serial_shops, shop
Temple:   nicolae_temple_bog_church
Lair:1:   layout_concentric_octagons, serial_bayou_shore_a, lemuel_fruit_fields
Lair:2:   layout_roguey, nicolae_spider_entry_non_spiders, beast_lair_carwin_10
Lair:3:   layout_regular_city, nicolae_swamp_entry_splash_gauntlet
Lair:4:   wad_woods_structure_01, layout_regular_city, gauntlet_entry_generic,
          hangedman_lair_unloving_vines, hibernation_bobbens, uniq_sonja
Lair:5:   guppyfry_lair_end_dragon, layout_regular_city,
          hangedman_lair_tendril_chambers, dpeg_slime_entry_corner,
          gammafunk_ghost_cemetery, lemuel_fruit_tree, uniq_nessos
Orc:1:    layout_caves, basic_altar
Orc:2:    st_orc_open, layout_caves, chequers_guarded_unrand_ignorance
